 Dungeon Crawl Stone Soup version 0.21.0-26-g889b8f6 (webtiles) character file.

51712 JeffiDaFish the Thaumaturge (level 14, -3/104 HPs)
             Began as a Black Draconian Venom Mage on Jan 27, 2018.
             Was a High Priest of Sif Muna.
             Slain by Rupert
             ... wielding a +2 great mace of holy wrath
              (28 damage)
             ... on level 3 of the Lair of Beasts.
             The game lasted 02:17:11 (24079 turns).

JeffiDaFish the Thaumaturge (DrVM)                 Turns: 24079, Time: 02:17:11

Health: -3/104     AC: 16    Str: 11    XL:     14   Next: 24%
Magic:  37/37      EV: 19    Int: 19    God:    Sif Muna [*****.]
Gold:   1160       SH:  0    Dex: 15    Spells: 2/34 levels left

rFire    . . .     SeeInvis .   k - +4 war axe (chop)
rCold    . . .     Gourm    +   d - +2 buckler
rNeg     . . .     Faith    .   (armour unavailable)
rPois    +         Spirit   .   m - +2 hat
rElec    +         Reflect  .   j - +0 cloak
rCorr    .         Harm     .   e - +1 pair of gloves
MR       +....                  B - +2 pair of boots
Stlth    +.........             c - amulet of the gourmand
HPRegen  0.67/turn              t - ring of wizardry
MPRegen  0.25/turn              s - ring of magical power

@: confused, flying, divine energy
A: breathe lightning, unfitting armour, big wings, clever 1, frail 1, poison
resistance, regeneration 1, electricity resistance, cold-blooded, AC +8
a: Breathe Lightning, Stop Flying, Stop Divine Energy, Channel Magic, Forget
Spell, Renounce Religion


You were on level 3 of the Lair of Beasts.
You worshipped Sif Muna.
Sif Muna was extremely pleased with you.
You were completely stuffed.

You visited 3 branches of the dungeon, and saw 17 of its levels.

You collected 2590 gold pieces.
You spent 1430 gold pieces at shops.

Inventory:

Hand Weapons
 k - a +4 war axe of chopping (weapon)
 p - a +4 battleaxe
Missiles
 o - 4 tomahawks of dispersal (quivered)
Armour
 d - a +2 buckler (worn)
 e - a +1 pair of gloves (worn)
 j - a +0 cloak (worn)
 m - a +2 hat (worn)
 B - a +2 pair of boots (worn)
Jewellery
 c - an amulet of the gourmand (around neck)
 s - a ring of magical power (right hand)
 t - a ring of wizardry (left hand)
 z - an uncursed ring of protection from cold
 A - an uncursed ring of protection from magic
Wands
 n - a wand of acid (3)
 u - a wand of paralysis (6)
Scrolls
 f - 3 scrolls of remove curse
 h - 8 scrolls of identify
 w - a scroll of fear
 C - 2 scrolls of blinking
Potions
 i - 2 potions of agility
 l - a potion of curing
 r - a potion of ambrosia
 v - 2 potions of haste
Books
 a - Sif Muna's Collected Works on Shifting Evil Arts
   (Sif Muna gifted it to you on level 9 of the Dungeon)

   Spells                             Type                      Level
   a - Animate Skeleton               Necromancy                   1
   b - Corpse Rot                     Necromancy                   2
   c - Spider Form                    Transmutation/Poison         3
   d - Agony                          Necromancy                   5
   e - Simulacrum                     Ice/Necromancy               6
   f - Death's Door                   Charms/Necromancy            8
 g - the Papyrus of Evil Rites and Battle Magic
   (You found it on level 1 of the Orcish Mines)

   Spells                             Type                      Level
   a - Regeneration                   Charms/Necromancy            3
   b - Iskenderun's Mystic Blast      Conjuration                  4
   c - Death Channel                  Necromancy                   6
   d - Spellforged Servitor           Conjuration/Summoning        7
 x - a book of Power

   Spells                             Type                      Level
   a - Iskenderun's Battlesphere      Conjuration/Charms           5
   b - Venom Bolt                     Conjuration/Poison           5
   c - Bolt of Magma                  Conjuration/Fire/Earth       5
   d - Iron Shot                      Conjuration/Earth            6
   e - Orb of Destruction             Conjuration                  7
   f - Spellforged Servitor           Conjuration/Summoning        7
 y - a book of Party Tricks

   Spells                             Type                      Level
   a - Summon Butterflies             Summoning                    1
   b - Apportation                    Translocation                1
   c - Lesser Beckoning               Translocation                3
   d - Tukima's Dance                 Hexes                        3
   e - Alistair's Intoxication        Transmutation/Poison         5
   f - Invisibility                   Hexes                        6
 E - a book of Battle

   Spells                             Type                      Level
   a - Infusion                       Charms                       1
   b - Shroud of Golubria             Charms/Translocation         2
   c - Song of Slaying                Charms                       2
   d - Spectral Weapon                Hexes/Charms                 3
   e - Regeneration                   Charms/Necromancy            3
Comestibles
 b - 37 rations
 q - 6 chunks of flesh


   Skills:
 + Level 8.5 Fighting
 + Level 7.8 Axes
 * Level 10.4 Dodging
 - Level 2.9 Stealth
 - Level 4.5 Shields
 + Level 10.7 Spellcasting
 * Level 9.4 Conjurations
 - Level 5.2 Hexes
   Level 0.2 Charms
 - Level 2.4 Fire Magic
 - Level 7.8 Air Magic
 + Level 9.2 Poison Magic


You had 2 spell levels left.
You knew the following spells:

 Your Spells              Type           Power        Failure   Level  Hunger
a - Sting                 Conj/Pois      ####         1%          1    None
b - Poisonous Vapours     Pois/Air       #####.       1%          2    None
c - Mephitic Cloud        Conj/Pois/Air  #####...     1%          3    None
d - Olgreb's Toxic Radia  Pois           #####...     1%          4    ##.....
e - Venom Bolt            Conj/Pois      #####.....   1%          5    ####...
f - Confuse               Hex            ####....     1%          3    None
g - Inner Flame           Hex/Fire       ###.....     1%          3    None
h - Orb of Destruction    Conj           #####.....   43%         7    #######
i - Iskenderun's Mystic   Conj           #####...     1%          4    ##.....


Dungeon Overview and Level Annotations

Branches:
Dungeon (11/15)            Temple (0/1) D:5            Lair (4/6) D:11
 Shoals (0/4) Lair:2       Spider (0/4) Lair:3          Orc (2/2) D:9
    Elf (0/3) Orc:2

Altars:
Dithmenos
Fedhas
Gozag
Qazlal
Sif Muna
Uskayaw
Wu Jian
Yredelemnul
Zin
The Shining One
Beogh

Shops:
D:7 [   Orc:2 }}?!

Annotations:
D:5 meatyocre's ghost, novice HOMo
Lair:3 Rupert


Innate Abilities, Weirdness & Mutations

You can breathe wild blasts of lightning.
Your glossy black scales are hard. (AC +8)
You cannot fit into any form of body armour.
Your large and strong wings let you fly indefinitely.
You are resistant to electric shocks. (rElec)
You are cold-blooded and may be slowed by cold attacks.
Your mind is acute. (Int +2)
You are frail. (-10% HP)
Your system is resistant to poisons. (rPois)
Your natural rate of healing is unusually fast.


Message History

* * * LOW HITPOINT WARNING * * *
You closely miss Rupert. You hit the elephant. You miss the blink frog.
The blink frog hits you.
* * * LOW HITPOINT WARNING * * *
The elephant misses you. The elephant closely misses you.
The blink frog hits you but does no damage.
Rupert roars madly and goes into a rage!
Rupert goes berserk!
The elephant tramples you but does no damage.
The elephant barely misses you. The elephant barely misses you.
The elephant trunk-slaps you but does no damage.
Rupert rages.
Unknown command.
The blink frog blinks!
Rupert misses you.
You barely miss Rupert. You hit the elephant but do no damage.
The elephant tramples you but does no damage.
The elephant closely misses you.
Rupert hits you with a great mace of holy wrath!!
You die...

#.................
#.................
#.................
#.................
#.÷...............
########F................
#.P.#.P#Y§...............
#.......Y@...............
#.......@................
##........................
#.........................
##.......>................
##........................
#.........................
##........................
#........................
#......................<.


You could see Rupert (berserk), 2 elephants and a blink frog.

Vanquished Creatures
  5 orc warlords
  The ghost of lux767 the Warrior, a journeyman DsFi of Okawaru (D:11)
  Snorg (Lair:3)
  Josephine (Lair:4)
  A hydra (Lair:3)
  3 two-headed ogres
  4 orc high priests
  Nergalle (Lair:1)
  An unseen horror (D:11)
  A lindwurm (Lair:2)
  7 orc sorcerers
  8 orc knights
  3 elephants
  An ugly thing (D:9)
  A torpor snail (Lair:3)
  2 black mambas
  5 spiny frogs
  A centaur skeleton (D:11)
  A gargoyle (D:11)
  A rime drake (Lair:2)
  2 komodo dragons
  2 jumping spiders (Lair:3)
  A queen bee (D:10)
  A troll (D:10)
  Prince Ribbit (Lair:3)
  6 hippogriffs
  12 blink frogs
  A snapping turtle (Lair:2)
  Sigmund (D:2)
  2 redbacks (Lair:3)
  6 wraiths
  27 yaks
  A hungry ghost (D:9)
  5 wargs
  11 water moccasins
  6 porcupines
  4 sky beasts
  57 orc warriors
  3 black bears
  2 ice beasts
  11 ogres
  2 phantoms
  4 centaurs
  11 wolves
  7 crocodiles
  9 bullfrogs
  A big kobold (D:10)
  A troll zombie (D:9)
  A scorpion (D:11)
  32 killer bees
  9 wights
  5 howler monkeys
  A bullfrog zombie (D:8)
  6 crimson imps
  6 jellies
  A quasit (D:8)
  29 orc priests
  5 hounds
  Crazy Yiuf (D:3)
  4 bullfrog skeletons
  27 orc wizards
  Jessica (D:2)
  2 iguanas
  5 worker ants
  7 ogre zombies (D:9)
  2 hound skeletons (D:6)
  2 worker ant zombies
  3 gnolls (D:6)
  19 adders
  An ooze (D:2)
  3 adder skeletons
  A dart slug (D:3)
  4 leopard geckos
  108 orcs
  A ball python (D:3)
  7 giant cockroaches
  4 goblins
  5 hobgoblins
  2 jackals (D:4)
  8 kobolds
  3 quokkas
  9 bats
  4 frilled lizards
  3 goblin skeletons (D:4)
  3 goblin zombies
  2 hobgoblin skeletons (D:9)
  3 hobgoblin zombies
  A jackal zombie (D:5)
  A kobold skeleton (D:4)
  3 kobold zombies (D:4)
  A leopard gecko zombie (D:5)
  4 orc skeletons
  18 orc zombies
  A quokka skeleton (D:4)
  7 rats
  5 fungi
  2 plants
628 creatures vanquished.

Vanquished Creatures (collateral kills)
  An iguana (D:6)
1 creature vanquished.

Vanquished Creatures (others)
  A bullfrog skeleton (D:6)
  2 orcs (D:6)
  2 fungi (D:11)
5 creatures vanquished.

Grand Total: 634 creatures vanquished

Notes
Turn   | Place    | Note
-------+----------+-------------------------------------------
     0 | D:1      | JeffiDaFish the Draconian Venom Mage began the quest for the Orb.
     0 | D:1      | Reached XP level 1. HP: 14/14 MP: 3/3
   872 | D:2      | Noticed Jessica
   880 | D:2      | Killed Jessica
   880 | D:2      | Reached XP level 2. HP: 7/20 MP: 5/5
   880 | D:2      | Reached XP level 3. HP: 10/26 MP: 6/6
  1122 | D:2      | Learned a level 2 spell: Poisonous Vapours
  1152 | D:2      | Reached skill level 1 in Shields
  1488 | D:2      | Found a basalt altar of Yredelemnul.
  1689 | D:2      | Reached XP level 4. HP: 30/33 MP: 7/7
  1840 | D:2      | Found a deep blue altar of Sif Muna.
  1840 | D:2      | Noticed Sigmund
  1849 | D:2      | Killed Sigmund
  1849 | D:2      | Reached XP level 5. HP: 31/38 MP: 3/9
  1857 | D:2      | Became a worshipper of Sif Muna the Loreminder
  1986 | D:2      | Learned a level 3 spell: Mephitic Cloud
  2236 | D:3      | Reached XP level 6. HP: 34/46 MP: 1/10
  2490 | D:3      | Gained mutation: You are frail. (-10% HP) [potion of mutation]
  2490 | D:3      | Gained mutation: Your mind is acute. (Int +2) [potion of mutation]
  2490 | D:3      | Gained mutation: Your system is resistant to poisons. (rPois) [potion of mutation]
  2490 | D:3      | Gained mutation: Your natural rate of healing is unusually fast. [potion of mutation]
  2566 | D:3      | Noticed a hippogriff
  2596 | D:3      | Killed a hippogriff
  2596 | D:3      | Your scales start taking on a glossy black colour.
  2596 | D:3      | Reached XP level 7. HP: 19/45 MP: 1/11
  2596 | D:3      | Gained mutation: You are resistant to electric shocks. (rElec) [Black Draconian growth]
  2645 | D:3      | Found an opulent altar of Gozag.
  2659 | D:3      | Found a shadowy altar of Dithmenos.
  2770 | D:3      | Found a runed door.
  2774 | D:3      | Noticed Crazy Yiuf
  2784 | D:3      | Killed Crazy Yiuf
  3515 | D:4      | Found a glowing golden altar of the Shining One.
  3528 | D:4      | Reached * piety under Sif Muna
  3716 | D:4      | Reached skill level 1 in Fighting
  3716 | D:4      | Reached skill level 1 in Axes
  4147 | D:5      | Entered Level 5 of the Dungeon
  4488 | D:5      | Reached XP level 8. HP: 23/53 MP: 2/13
  4616 | D:5      | Found a staircase to the Ecumenical Temple.
  4969 | D:5      | Noticed meatyocre's ghost (novice HOMo)
  4989 | D:4      | Upgraded the game from 0.21.0-25-ge575cb9 to 0.21.0-26-g889b8f6
  5797 | D:6      | Learned a level 4 spell: Olgreb's Toxic Radiance
  5803 | D:6      | Learned a level 5 spell: Venom Bolt
  5817 | D:6      | Reached ** piety under Sif Muna
  5935 | D:6      | Reached XP level 9. HP: 56/62 MP: 4/16
  6086 | D:6      | Reached skill level 5 in Spellcasting
  6160 | D:6      | Reached skill level 5 in Poison Magic
  6332 | D:6      | Found a glowing silver altar of Zin.
  6569 | D:7      | Found an ornate altar of the Wu Jian Council.
  6593 | D:7      | Reached skill level 5 in Dodging
  6626 | D:7      | Reached skill level 5 in Air Magic
  6692 | D:7      | Found Biem's Antique Armour Boutique.
  6734 | D:7      | Bought a pair of crude gloves for 275 gold pieces
  6753 | D:7      | Paralysed by an orc wizard for 3 turns
  6785 | D:7      | Identified the cursed -3 pair of gloves of the Midnight Sun {rN+ Str+3 Slay+2} (You bought it in a shop on level 7 of the Dungeon)
  7313 | D:7      | Reached *** piety under Sif Muna
  8067 | D:8      | Reached skill level 5 in Fighting
  8079 | D:8      | Learned a level 3 spell: Confuse
  8451 | D:8      | Reached skill level 5 in Conjurations
  8672 | D:9      | Found a stormy altar of Qazlal.
  8672 | D:9      | Found a blossoming altar of Fedhas.
  8701 | D:9      | Reached XP level 10. HP: 72/72 MP: 19/19
  8720 | D:9      | Noticed a brown ugly thing
  8743 | D:9      | Killed a brown ugly thing
  8888 | D:9      | Noticed a two-headed ogre
  8902 | D:9      | Killed a two-headed ogre
  8902 | D:9      | Reached skill level 1 in Hexes
  9024 | D:9      | Noticed a two-headed ogre
  9221 | D:9      | Killed a two-headed ogre
  9221 | D:9      | Reached **** piety under Sif Muna
  9350 | D:9      | Found a staircase to the Orcish Mines.
  9368 | D:9      | Found a hide-covered altar of Uskayaw.
  9711 | D:10     | Entered Level 10 of the Dungeon
 10392 | D:10     | Reached XP level 11. HP: 77/80 MP: 21/21
 11067 | D:11     | Reached skill level 5 in Axes
 11265 | D:11     | Noticed a two-headed ogre
 11282 | D:11     | Killed a two-headed ogre
 11306 | D:11     | Learned a level 5 spell: Iskenderun's Battlesphere
 11363 | D:11     | Reached ***** piety under Sif Muna
 11363 | D:11     | Received a gift from Sif Muna
 11405 | D:11     | Learned a level 3 spell: Inner Flame
 11536 | D:11     | Killed an unseen horror
 11794 | D:11     | Found a staircase to the Lair.
 12156 | D:11     | Noticed lux767's ghost (journeyman DsFi)
 12167 | D:11     | HP: 4/81 [lux767's ghost (21)]
 12562 | Lair:1   | Entered Level 1 of the Lair of Beasts
 13160 | Orc:1    | Entered Level 1 of the Orcish Mines
 13742 | Orc:1    | Noticed an orc warlord
 13993 | Orc:1    | Noticed an orc warlord
 14131 | Orc:1    | Killed an orc warlord
 14131 | Orc:1    | Reached XP level 12. HP: 13/90 MP: 1/24
 14588 | D:9      | Killed an orc warlord
 14718 | D:9      | Learned a level 7 spell: Orb of Destruction
 14916 | Orc:1    | Noticed an orc warlord
 15281 | D:9      | Learned a level 1 spell: Summon Butterflies
 15300 | Orc:1    | Killed an orc warlord
 15300 | Orc:1    | Reached skill level 5 in Hexes
 15612 | Orc:1    | Noticed an orc warlord
 15722 | D:9      | Killed an orc warlord
 15722 | D:9      | Identified Sif Muna's Collected Works on Shifting Evil Arts (Sif Muna gifted it to you on level 9 of the Dungeon)
 15722 | D:9      | Received a gift from Sif Muna
 15722 | D:9      | Reached skill level 1 in Fire Magic
 16250 | Orc:1    | Identified the Papyrus of Evil Rites and Battle Magic
 17101 | Orc:1    | Noticed an orc high priest
 17138 | Orc:1    | Killed an orc high priest
 17152 | Orc:1    | Found a roughly hewn altar of Beogh.
 17485 | Orc:2    | Entered Level 2 of the Orcish Mines
 17570 | Orc:2    | Noticed an orc warlord
 17577 | Orc:2    | Reached XP level 13. HP: 94/94 MP: 19/26
 17793 | Orc:2    | Killed an orc warlord
 18224 | Orc:2    | Found a staircase to the Elven Halls.
 18528 | Orc:2    | Found Siloxtop's Distillery.
 18603 | Orc:2    | Reached skill level 10 in Spellcasting
 19039 | Orc:2    | Paralysed by an orc sorcerer for 4 turns
 19574 | Orc:2    | Found Siofe's Gadget Emporium.
 19575 | Orc:2    | Found Inainowo's Gadget Shop.
 19586 | Orc:2    | Found Anoat's Magic Scroll Shop.
 19591 | Orc:2    | Bought a potion of agility for 64 gold pieces
 19591 | Orc:2    | Bought a potion of curing for 48 gold pieces
 19591 | Orc:2    | Bought a potion of agility for 64 gold pieces
 19591 | Orc:2    | Bought a potion of might for 64 gold pieces
 19591 | Orc:2    | Bought a potion of haste for 160 gold pieces
 19591 | Orc:2    | Bought a potion of haste for 160 gold pieces
 19593 | Orc:2    | Bought a scroll of enchant armour for 105 gold pieces
 19593 | Orc:2    | Bought a scroll of brand weapon for 280 gold pieces
 19593 | Orc:2    | Bought a scroll of enchant weapon for 105 gold pieces
 19593 | Orc:2    | Bought a scroll of enchant weapon for 105 gold pieces
 19884 | D:11     | Killed lux767's ghost
 20274 | Lair:1   | Noticed Nergalle
 20297 | Lair:1   | Killed Nergalle
 21340 | Lair:2   | Received a gift from Sif Muna
 21366 | Lair:2   | Found a staircase to the Shoals.
 21550 | Lair:2   | Reached skill level 10 in Dodging
 22093 | Lair:3   | Learned a level 4 spell: Iskenderun's Mystic Blast
 22289 | Lair:3   | Noticed Snorg
 22379 | Lair:3   | Killed Snorg
 22515 | Lair:3   | Noticed Prince Ribbit
 22523 | Lair:3   | Gained mutation: Your large and strong wings let you fly indefinitely. [Black Draconian growth]
 22523 | Lair:3   | Reached XP level 14. HP: 98/103 MP: 27/28
 22524 | Lair:3   | Killed Prince Ribbit
 22780 | Lair:3   | Found a hole to the Spider Nest.
 23307 | Lair:4   | Noticed Josephine
 23589 | Lair:4   | Killed Josephine
 23998 | Lair:4   | Noticed Rupert
 24069 | Lair:4   | Paralysed by Rupert for 4 turns
 24079 | Lair:3   | Slain by Rupert

Skill      XL: |  1  2  3  4  5  6  7  8  9 10 11 12 13 14 |
---------------+-------------------------------------------+-----
Dodging        | 2 3 4 5 6 7 8 10 | 10.4
Stealth        | 2 |  2.9
Shields        | 1 2 3 4 |  4.5
Conjurations   | 2 3 4 5 6 7 8 9 |  9.4
Spellcasting   | 3 4 6 7 8 9 10 | 10.7
Air Magic      | 2 3 4 5 6 7 |  7.8
Poison Magic   | 4 5 6 7 8 9 |  9.2
Fighting       | 1 3 5 6 7 8 |  8.5
Axes           | 1 2 4 5 6 7 |  7.8
Hexes          | 2 4 5 |  5.2
Fire Magic     | 2 |  2.4
Charms         | |  0.2

Action                   |  1- 3 |  4- 6 |  7- 9 | 10-12 | 13-15 || total
-------------------------+-------+-------+-------+-------+-------++-------
Melee: Hand axe          |    45 |    72 |   956 |   525 |       ||  1598
       Tailslap          |     4 |     5 |    97 |   106 |    56 ||   268
       Unarmed           |     1 |       |       |       |       ||     1
       War axe           |       |       |       |   177 |   390 ||   567
Throw: Tomahawk          |       |       |       |       |     3 ||     3
 Cast: Sting             |    14 |     2 |    29 |    21 |     2 ||    68
       Poisonous Vapours |     6 |    20 |    70 |   112 |    45 ||   253
       Mephitic Cloud    |       |     4 |    26 |   111 |    64 ||   205
       Olgreb's Toxic Ra |       |       |     6 |    45 |    27 ||    78
       Confuse           |       |       |       |    29 |     4 ||    33
       Venom Bolt        |       |       |       |    51 |    42 ||    93
       Inner Flame       |       |       |       |    33 |    17 ||    50
       Iskenderun's Batt |       |       |       |     1 |       ||     1
       Summon Butterflie |       |       |       |     2 |       ||     2
       Iskenderun's Myst |       |       |       |       |    19 ||    19
       Orb of Destructio |       |       |       |       |     3 ||     3
Invok: Divine Energy     |       |       |       |     1 |       ||     1
 Abil: Breathe Lightning |       |       |     3 |    14 |     9 ||    26
       Fly               |       |       |       |       |     1 ||     1
Evoke: Wand              |       |       |       |     7 |       ||     7
  Use: Scroll            |     8 |     1 |    14 |     9 |     9 ||    41
       Potion            |       |     2 |     4 |     9 |     4 ||    19
 Stab: Sleeping          |     1 |       |     2 |     2 |     1 ||     6
       Confused          |       |     1 |     9 |    25 |    15 ||    50
       Distracted        |       |       |       |     1 |       ||     1
  Eat: Chunk             |     3 |     5 |    23 |    40 |    43 ||   114
       Ration            |       |       |     1 |     5 |     1 ||     7
Armor: Skin              |    18 |    45 |   347 |   145 |   132 ||   687
Dodge: Dodged            |    28 |    48 |   700 |   455 |   404 ||  1635
Block: Buckler           |     6 |    29 |   308 |   177 |   169 ||   689
